 Dungeon Sprint DCSS version 0.30-a0-389-g8d7d949f56 (webtiles) character file.

Game seed: 1082093770674430619

168461 mhtbhm the Executioner (level 17, -9/289 HPs)
             Began as an Armataur Berserker on Dec 4, 2022.
             Was the Champion of Trog.
             Killed from afar by an iron giant (16 damage)
             ... with a harpoon shot
             ... in the Dungeon (Sprint V: "Ziggurat Sprint").
             The game lasted 00:15:49 (2765 turns).

mhtbhm the Executioner (Armataur Berserker)         Turns: 2765, Time: 00:15:50

Health: -9/289     AC: 27    Str: 48    XL:     17   Next: 33%
Magic:  26/26      EV:  3    Int: 11    God:    Trog [******]
Gold:   0          SH: 39    Dex: 12    Spells: 16/16 levels left

rFire   + . .      SeeInvis +    a - +14 obsidian axe {vorpal, Mesm Drain Fly SInv}
rCold   + . .      Faith    .    c - +18 shield of the Gong {rElec rN+ Will+ EV-5}
rNeg    + . .      Spirit   .    b - +5 gold dragon scales
rPois   +          Reflect  +    v - +2 hat
rElec   +          Harm     .    I - +1 cloak {rPois}
rCorr   .          Roll     +    F - +0 pair of gloves {hurl}
Will    ++...      NoTele   +    (no barding)
Stlth   ..........               s - amulet "Qodd" {Reflect rElec Str+7 SH+5}
HPRegen 0.68/turn                u - +6 ring of strength
MPRegen 0.20/turn                r - ring "Rieczari" {rElec MP+9 Str+6 Int+4}

@: berserking, corroded, flying, mesmerised, very quick
A: large, rugged brown scales 3, deformed body, armoured tail, roll, long
tongue, awkward tongue
a: Renounce Religion, Berserk, Trog's Hand, Brothers in Arms


You were in the Dungeon.
You worshipped Trog.
Trog was exalted by your worship.
You visited 1 branch

Inventory:

Hand Weapons
 a - the +14 obsidian axe (weapon) {vorpal, Mesm Drain Fly SInv}
   (You found it in the Dungeon)

   It inflicts extra damage upon your enemies.
   It occasionally summons demons to assist the wielder when it strikes in
   combat.
   Its wielder is mesmerised by any visible foes.
   It cannot be unequipped while any foes are visible.
   SInv:      It lets you see invisible.
   Fly:       It grants you flight.
   Drain:     It drains your maximum health when unequipped.
 B - the +10 zealot's sword {holy, *Rage rN+ EV+3}
   (You found it in the Dungeon)

   It has been blessed by the Shining One to cause great damage to the undead
   and demons.
   Whenever the wielder enters a berserk rage, their allies are berserked
   alongside them.
   EV:        It affects your evasion (+3).
   rN:        It protects you from negative energy.
   *Rage:     It berserks you when you make melee attacks (+20% chance).
 E - a +3 broad axe of protection
Armour
 b - +5 gold dragon scales (worn)
 c - the +18 shield of the Gong (worn) {rElec rN+ Will+ EV-5}
   (You found it in the Dungeon)

   It is deafeningly noisy when blocking attacks.
   EV:        It affects your evasion (-5).
   rElec:     It insulates you from electricity.
   rN:        It protects you from negative energy.
   Will:      It increases your willpower.
 v - a +2 hat (worn)
 F - a +0 pair of gloves of hurling (worn)
 I - a +1 cloak of poison resistance (worn)
Jewellery
 q - a ring of protection from cold
 r - the ring "Rieczari" (right hand) {rElec MP+9 Str+6 Int+4}
   (You found it in the Dungeon)

   [ring of strength]

   Str:       It affects your strength (+6).
   Int:       It affects your intelligence (+4).
   rElec:     It insulates you from electricity.
   MP:        It affects your magic capacity (+9).
 s - the amulet "Qodd" (around neck) {Reflect rElec Str+7 SH+5}
   (You found it in the Dungeon)

   [amulet of reflection]

   It reflects blocked missile attacks.
   Str:       It affects your strength (+7).
   rElec:     It insulates you from electricity.
   SH:        It affects your SH (+5).
 u - a +6 ring of strength (left hand)
 G - a ring of positive energy
 H - the ring of Onoess {Fire Dex+4}
   (You found it in the Dungeon)

   [ring of fire]

   It enhances your fire magic.
   Dex:       It affects your dexterity (+4).
   rF:        It protects you from fire.
   rC:        It makes you vulnerable to cold.
Wands
 w - a wand of mindburst (7)
 x - a wand of iceblast (6)
 y - a wand of acid (7)
Scrolls
 h - 4 scrolls of blinking
 m - 7 scrolls of fog
 n - 5 scrolls of identify
 o - 2 scrolls of fear
 D - 4 scrolls of enchant weapon
Potions
 d - 10 potions of heal wounds
 e - 10 potions of haste
 f - 7 potions of magic
 g - 3 potions of berserk rage
 i - 2 potions of invisibility
 j - 3 potions of resistance
 l - 5 potions of might
 A - 10 potions of curing
Miscellaneous
 p - a box of beasts
 t - a phantom mirror
 z - a lightning rod (4/4)
 C - a condenser vane


   Skills:
 + Level 23.7 Fighting
 + Level 25.2 Axes
 + Level 19.7 Armour
 + Level 4.7 Dodging
 + Level 10.1 Stealth
 + Level 23.0 Shields
 + Level 5.4 Evocations


You had 16 spell levels left.
You didn't know any spells.
Your spell library was empty.

Dungeon Overview and Level Annotations

Branches:
Dungeon (1/1)

Altars:
Ashenzari
Cheibriados
Dithmenos
Elyvilon
Fedhas
Gozag
Hepliaklqana
Kikubaaqudgha
Makhleb
Nemelex Xobeh
Okawaru
Qazlal
Ru
Sif Muna
Trog
Uskayaw
Vehumet
Wu Jian
Xom
Yredelemnul
Zin
The Shining One
Jiyva
Lugonu


Innate Abilities, Weirdness & Mutations

You are completely covered in rugged brown scales. (AC +3, +7% HP)
Armour fits poorly on your strangely shaped body.
You have a long armoured tail.
You roll when moving toward enemies. (Rampage)
Your long tongue fully drains potion bottles. (2x potion effects)
Your tongue gives you trouble enunciating. (1.5x scroll delay)


Message History

Unknown command.
You cannot move away from the iron golem!
Unknown command.
You cut the hellion into ribbons!!!
You kill the hellion!
Trog accepts your kill.
You slash the iron golem!
You hit the iron giant but do no damage.
You hit the iron golem but do no damage.
You slice the iron golem!! You hit the Hell Sentinel.
Visions of slaying the iron golem flood into your mind.
Your orange demon completely misses the iron dragon.
You block the iron golem's attack.
GONNNNG!
You block the iron golem's attack.
BOUMMMMG!
Your rust devil hits the iron golem.
The iron golem seems to be corroded for longer.
Your sun demon hits the Hell Sentinel!
The Hell Sentinel is engulfed in flames.
The Hell Sentinel completely resists.
Your rust devil hits the iron golem.
The iron golem seems to be corroded for longer.
The iron golem hits you.
* * * LOW HITPOINT WARNING * * *
You block the iron golem's attack.
GONNNNG!
Unknown command.
Unknown command.
You open the iron giant like a pillowcase!!!
You tail-slap the iron giant!!
The iron giant is moderately wounded.
You cut the iron golem into ribbons!!! You hit the Hell Sentinel.
You chop the iron golem into pieces!!! You slice the iron golem!!
You block the Hell Sentinel's attack.
GONNNNG!
You block the Hell Sentinel's attack.
PANG!
The iron giant fires a harpoon shot at you.
The harpoon shot hits you!
You die...

▓..}||.}|
..[))))}=::?=..▓.....)..
..)[)":=}??=|..▓.....)))
......))}......▓.....)).
...............▓......))
...............▓....)...
.......9.......▓..▓.....
.....31C9......▓.▓▓▓....
......D@.C.....▓..▓.....
......949......▓........
......4..4.....▓......©.
...▓.......▓...▓▓▓▓▓▓▓▓▓
...............▓.....8©8
...............▓.|):[[:.
.......©.......▓...[:):[
▓▓▓▓▓▓▓▓▓▓▓▓▓▓▓▓.....)))
▓.....)))


You could see 4 iron golems, 2 iron giants, a Hell Sentinel, an iron dragon
(ally target), a friendly sun demon (summoned), a friendly orange demon
(summoned) and 2 friendly rust devils.

Vanquished Creatures
  6 caustic shrikes (D)
  An iron giant (D)
  2 searing wretches (D)
  3 Hell Sentinels (D)
  A deep elf blademaster (D)
  4 ancient champions (D)
  3 fire giants (D)
  2 frost giants (D)
  A draconian shifter (D)
  A deep elf sorcerer (D)
  5 quicksilver elementals (D)
  2 draconian stormcallers (D)
  An orc warlord (D)
  5 war gargoyles (D)
  3 green draconians (D)
  A black draconian (D)
  5 yellow draconians (D)
  2 purple draconians (D)
  3 white draconians (D)
  4 red draconians (D)
  3 iron golems (D)
  A deep elf high priest (D)
  An ice dragon (D)
  A dancing weapon (D)
  4 hell hogs (D)
  A naga warrior (D)
  4 orc high priests (D)
  A deep elf knight (D)
  4 crystal echidnas (D)
  A deep elf archer (D)
  5 deep elf zephyrmancers (D)
  A deep elf pyromancer (D)
  A necromancer (D)
  4 orc knights (D)
  2 orc sorcerers (D)
  15 draconians (D)
  An ugly thing (D)
  3 black mambas (D)
  A naga mage (D)
  2 guardian serpents (D)
  5 hellions (D)
  2 freezing wraiths (D)
  A rime drake (D)
  An ice devil (D)
  3 polar bears (D)
  A slime creature (D)
  A shadow (D)
  A golden eye (shapeshifter) (D)
  2 steam dragons (D)
  3 nagas (D)
  5 water moccasins (D)
  A floating eye (D)
  A hell hound (D)
  15 orc warriors (D)
  5 ogres (D)
  4 wights (D)
  3 jellies (D)
  An orc priest (D)
  4 adders (D)
  2 white imps (D)
  An ufetubus (D)
  An adder zombie (D)
  An adder simulacrum (D)
  4 ball pythons (D)
  A bat skeleton (D)
  An endoplasm (D)
  A ball python zombie (D)
  A jackal skeleton (D)
  A quokka skeleton (D)
184 creatures vanquished.

Vanquished Creatures (collateral kills)
  A deep elf blademaster (D)
  An ancient champion (D)
  A fire giant (D)
  An iron dragon (D)
  A balrug (D)
  A war gargoyle (D)
  A green draconian (D)
  A black draconian (D)
  An iron golem (D)
  A yellow draconian (D)
  An orc high priest (D)
  A dancing weapon (D)
  A hell hog (D)
  A necromancer (D)
  3 deep elf pyromancers (D)
  3 draconians (D)
  A naga (D)
  A water moccasin (D)
22 creatures vanquished.

Grand Total: 206 creatures vanquished

Notes
Turn   | Place    | Note
-------+----------+-------------------------------------------
     0 | D        | mhtbhm the Armataur Berserker began the quest for the Orb.
     0 | D        | Reached XP level 1. HP: 19/19 MP: 1/1
    16 | D        | Found a shimmering blue altar of Sif Muna.
    16 | D        | Found a bloodstained altar of Trog.
    16 | D        | Found a sacrificial altar of Ru.
    16 | D        | Found a stormy altar of Qazlal.
    16 | D        | Found an iron altar of Okawaru.
    17 | D        | Found a sparkling altar of Nemelex Xobeh.
    17 | D        | Found a blossoming altar of Fedhas.
    17 | D        | Found the +6 Majin-Bo {vamp, MP+6 Int+6}
    17 | D        | Found the +9 heavy crossbow "Sniper" {vorpal, Acc+∞ SInv}
    17 | D        | Found the +10 dark maul {vorpal}
    17 | D        | Found the +15 Maxwell's patent armour {-Cast -Tele rElec
                  | Will+ rCorr}
    17 | D        | Found the +18 shield of the Gong {rElec rN+ Will+ EV-5}
    17 | D        | Found the +14 obsidian axe {vorpal, Mesm Drain Fly SInv}
    17 | D        | Found the +7 great mace "Firestarter" {inner flame, rF++}
    17 | D        | Found the +6 shillelagh "Devastator" {shatter}
    17 | D        | Found the +11 plutonium sword {Contam Stlth-}
    17 | D        | Found the +8 lance "Wyrmbane" {slay drac, rPois rF+ rC+
                  | AC+3}
    17 | D        | Found the +9 sword of Zonguldrok {reap}
    17 | D        | Found the +13 scythe of Curses {drain, Drain}
    17 | D        | Found the +5 sword of Power {vorpal}
    17 | D        | Found the +7 mace of Variability {chain chaos}
    17 | D        | Found the +7 Singing Sword {vorpal, sonic wave}
    17 | D        | Found the +8 storm bow {elec, penet}
    21 | D        | Found a viscous altar of Jiyva.
    21 | D        | Found a transporter.
    21 | D        | Found a hazy altar of Hepliaklqana.
    21 | D        | Found an ancient bone altar of Kikubaaqudgha.
    21 | D        | Found an opulent altar of Gozag.
    21 | D        | Found a corrupted altar of Lugonu.
    22 | D        | Found a burning altar of Makhleb.
   118 | D        | Entered arena 2.
   118 | D        | Noticed a warg
   118 | D        | Noticed a green ugly thing
   118 | D        | a warg changed into a golden eye
   118 | D        | Noticed a golden eye (shapeshifter)
   118 | D        | Found a transporter.
   121 | D        | Killed a golden eye
   122 | D        | Reached skill level 5 in Axes
   122 | D        | Reached XP level 2. HP: 32/32 MP: 2/2
   122 | D        | Reached XP level 3. HP: 39/39 MP: 3/3
   122 | D        | Reached XP level 4. HP: 47/47 MP: 4/4
   122 | D        | Reached XP level 5. HP: 53/53 MP: 5/5
   123 | D        | Killed a green ugly thing
   124 | D        | Reached skill level 8 in Axes
   124 | D        | Reached XP level 6. HP: 66/66 MP: 6/6
   181 | D        | Entered arena 3.
   181 | D        | Noticed a rime drake
   181 | D        | Noticed a steam dragon
   181 | D        | Noticed a steam dragon
   181 | D        | Found a transporter.
   185 | D        | Killed a rime drake
   185 | D        | Reached ** piety under Trog
   186 | D        | Reached skill level 9 in Axes
   186 | D        | Reached XP level 7. HP: 74/74 MP: 7/7
   186 | D        | Killed a steam dragon
   187 | D        | Killed a steam dragon
   188 | D        | Reached skill level 10 in Fighting
   188 | D        | Reached skill level 10 in Axes
   188 | D        | Reached XP level 8. HP: 84/84 MP: 8/8
   241 | D        | Entered arena 4.
   241 | D        | Found a transporter.
   245 | D        | Reached *** piety under Trog
   248 | D        | Reached skill level 1 in Shields
   268 | D        | Entered arena 5.
   268 | D        | Noticed a draconian
   268 | D        | Noticed a draconian
   268 | D        | Noticed a draconian
   268 | D        | Noticed a draconian
   268 | D        | Found a transporter.
   272 | D        | Killed a draconian
   273 | D        | Reached skill level 11 in Axes
   276 | D        | Killed a draconian
   276 | D        | Killed a draconian
   276 | D        | Reached **** piety under Trog
   277 | D        | Reached skill level 12 in Axes
   277 | D        | Reached XP level 9. HP: 95/95 MP: 9/9
   278 | D        | Killed a draconian
   412 | D        | Entered arena 6.
   412 | D        | Found a transporter.
   416 | D        | Reached ***** piety under Trog
   421 | D        | Got the ring "Rieczari" {rElec MP+9 Str+6 Int+4}
   423 | D        | Got the amulet of Eptulim {Spirit Rampage Drain rC+ SInv}
   430 | D        | Got the amulet "Qodd" {Reflect rElec Str+7 SH+5}
   438 | D        | Entered arena 7.
   438 | D        | Found the +3 giant club "Skullcrusher" {speed, Str+7}
   441 | D        | Found a transporter.
   443 | D        | Received a gift from Trog
   444 | D        | Reached skill level 13 in Axes
   444 | D        | Reached skill level 5 in Shields
   581 | D        | Entered arena 8.
   581 | D        | Noticed a white draconian
   581 | D        | Noticed a draconian
   581 | D        | Noticed a draconian
   581 | D        | Noticed a purple draconian
   581 | D        | Noticed a draconian
   581 | D        | Noticed a draconian
   583 | D        | Found a transporter.
   587 | D        | Killed a purple draconian
   589 | D        | Killed a draconian
   590 | D        | Reached skill level 10 in Armour
   590 | D        | Reached XP level 10. HP: 103/103 MP: 10/10
   590 | D        | Killed a draconian
   591 | D        | Reached skill level 14 in Axes
   591 | D        | Killed a draconian
   591 | D        | Killed a draconian
   594 | D        | Killed a white draconian
   594 | D        | Received a gift from Trog
   595 | D        | Reached skill level 15 in Axes
   659 | D        | Entered arena 9.
   659 | D        | Noticed a black mamba
   660 | D        | Found a transporter.
   665 | D        | Killed a black mamba
   668 | D        | Reached ****** piety under Trog
   690 | D        | Entered arena 10.
   690 | D        | Found the +10 zealot's sword {holy, *Rage rN+ EV+3}
   690 | D        | Noticed a draconian
   690 | D        | Noticed a white draconian
   690 | D        | Noticed a draconian
   690 | D        | Noticed a green draconian
   690 | D        | Noticed a draconian
   690 | D        | Noticed a yellow draconian
   690 | D        | Noticed a draconian
   690 | D        | Noticed a draconian
   691 | D        | Found a transporter.
   696 | D        | Killed a draconian
   697 | D        | Reached skill level 1 in Evocations
   697 | D        | Killed a yellow draconian
   698 | D        | Reached XP level 11. HP: 87/114 MP: 11/11
   699 | D        | Reached skill level 16 in Axes
   700 | D        | Received a gift from Trog
   703 | D        | Killed a white draconian
   707 | D        | Killed a green draconian
   708 | D        | Reached skill level 17 in Axes
   808 | D        | Entered arena 11.
   808 | D        | Noticed a black draconian
   808 | D        | Noticed a black draconian
   808 | D        | Noticed a yellow draconian
   808 | D        | Noticed a purple draconian
   811 | D        | Found a transporter.
   815 | D        | Killed a purple draconian
   816 | D        | Reached skill level 10 in Shields
   818 | D        | Killed a black draconian
   819 | D        | Reached skill level 18 in Axes
   819 | D        | Killed a yellow draconian
   819 | D        | Received a gift from Trog
   821 | D        | Reached skill level 19 in Axes
   829 | D        | Killed a black draconian
   830 | D        | Reached skill level 15 in Fighting
   830 | D        | Reached XP level 12. HP: 127/127 MP: 12/12
   918 | D        | Entered arena 12.
   922 | D        | Found a transporter.
   926 | D        | Identified the +6 battleaxe "Jemahiti" {vorpal, Will+
                  | Str+2} (Trog gifted it to you in the Dungeon)
   926 | D        | Received a gift from Trog
   929 | D        | Received a gift from Trog
   973 | D        | Got the ring of Suanwi {rPois Will+ Int+2}
  1036 | D        | Entered arena 13.
  1036 | D        | Noticed an ice dragon
  1036 | D        | Noticed a frost giant
  1037 | D        | Noticed a frost giant
  1037 | D        | Found a transporter.
  1041 | D        | Reached skill level 1 in Stealth
  1046 | D        | Killed an ice dragon
  1046 | D        | Received a gift from Trog
  1046 | D        | Killed a frost giant
  1047 | D        | Reached skill level 20 in Axes
  1050 | D        | Killed a frost giant
  1384 | D        | Entered arena 14.
  1385 | D        | Noticed an orc warlord
  1386 | D        | Identified the +4 mace of Neun {spect, Contam rC- Str+9
                  | SInv}
  1389 | D        | Found a transporter.
  1393 | D        | Killed an orc warlord
  1394 | D        | Received a gift from Trog
  1489 | D        | Entered arena 15.
  1490 | D        | Noticed a searing wretch
  1490 | D        | Noticed a fire giant
  1490 | D        | Noticed a hell hog
  1490 | D        | Noticed a fire giant
  1490 | D        | Noticed a hell hog
  1490 | D        | Noticed a searing wretch
  1490 | D        | Noticed a fire giant
  1490 | D        | Noticed a fire giant
  1491 | D        | Noticed a balrug
  1491 | D        | Noticed a hell hog
  1492 | D        | Noticed a hell hog
  1494 | D        | Noticed a hell hog
  1496 | D        | Killed a hell hog
  1501 | D        | Killed a fire giant
  1501 | D        | Received a gift from Trog
  1502 | D        | Killed a searing wretch
  1502 | D        | Killed a searing wretch
  1503 | D        | Reached skill level 21 in Axes
  1505 | D        | Reached XP level 13. HP: 86/141 MP: 13/13
  1505 | D        | Found a transporter.
  1506 | D        | Killed a balrug
  1506 | D        | Received a gift from Trog
  1507 | D        | Killed a fire giant
  1508 | D        | Killed a fire giant
  1510 | D        | Received a gift from Trog
  1511 | D        | Killed a fire giant
  1710 | D        | Entered arena 16.
  1713 | D        | Received a gift from Trog
  1719 | D        | Reached skill level 15 in Shields
  1719 | D        | Received a gift from Trog
  1720 | D        | Found a transporter.
  1798 | D        | Entered arena 17.
  1801 | D        | Noticed a white draconian stormcaller
  1801 | D        | Noticed a white draconian
  1801 | D        | Noticed a red draconian
  1801 | D        | Noticed a yellow draconian
  1801 | D        | Noticed a yellow draconian
  1801 | D        | Noticed a yellow draconian
  1801 | D        | Noticed a white draconian stormcaller
  1801 | D        | Noticed a green draconian
  1802 | D        | Noticed a green draconian
  1802 | D        | Noticed a yellow draconian
  1802 | D        | Identified the +8 flail of Duty {antimagic, rN++}
  1802 | D        | Noticed a red draconian
  1803 | D        | Noticed a green draconian
  1803 | D        | Identified the +4 long sword of Trog's Wrath {vorpal, rPois
                  | rN+ SInv}
  1803 | D        | Noticed a red draconian
  1803 | D        | Noticed a red draconian
  1804 | D        | Noticed a purple draconian shifter
  1806 | D        | Found a transporter.
  1808 | D        | Killed a green draconian
  1808 | D        | Killed a yellow draconian
  1809 | D        | Reached skill level 5 in Stealth
  1809 | D        | Killed a yellow draconian
  1809 | D        | Received a gift from Trog
  1809 | D        | Killed a yellow draconian
  1810 | D        | Killed a red draconian
  1810 | D        | Killed a red draconian
  1810 | D        | Killed a white draconian stormcaller
  1811 | D        | Reached skill level 22 in Axes
  1811 | D        | Reached skill level 15 in Armour
  1813 | D        | Killed a yellow draconian
  1814 | D        | Killed a white draconian
  1814 | D        | Received a gift from Trog
  1814 | D        | Killed a green draconian
  1815 | D        | Killed a white draconian stormcaller
  1816 | D        | Killed a green draconian
  1816 | D        | Killed a red draconian
  1818 | D        | Killed a purple draconian shifter
  1819 | D        | Reached XP level 14. HP: 156/156 MP: 14/14
  1820 | D        | Received a gift from Trog
  1920 | D        | Entered arena 18.
  1923 | D        | Noticed a deep elf blademaster
  1923 | D        | Noticed a deep elf blademaster
  1924 | D        | Identified the +6 mace of Gozag's Benevolence {vorpal,
                  | rPois}
  1924 | D        | Noticed a deep elf sorcerer
  1925 | D        | Identified the +10 lajatang "Jofer" {vorpal, rF+}
  1925 | D        | Identified the +5 long sword of Uryzxawe {flame, *Noise
                  | MP+9 Int-5 Dex+9}
  1925 | D        | Found a transporter.
  1930 | D        | Killed a deep elf sorcerer
  1930 | D        | Received a gift from Trog
  1932 | D        | Received a gift from Trog
  1932 | D        | Killed a deep elf blademaster
  1935 | D        | Killed a deep elf blademaster
  1937 | D        | Received a gift from Trog
  1938 | D        | Received a gift from Trog
  1971 | D        | Got the ring of Onoess {Fire Dex+4}
  2093 | D        | Entered arena 19.
  2094 | D        | Reached skill level 5 in Evocations
  2094 | D        | Reached XP level 15. HP: 165/165 MP: 15/15
  2094 | D        | Reached XP level 16. HP: 173/173 MP: 16/16
  2099 | D        | Found a transporter.
  2103 | D        | Received a gift from Trog
  2107 | D        | Received a gift from Trog
  2108 | D        | Reached skill level 23 in Axes
  2122 | D        | Got the amulet "Cyzaox" {Acrobat Harm +Blink +Inv}
  2169 | D        | Entered arena 20.
  2174 | D        | Noticed an ancient champion
  2174 | D        | Noticed an ancient champion
  2174 | D        | Noticed a caustic shrike
  2174 | D        | Noticed a Hell Sentinel
  2174 | D        | Noticed a caustic shrike
  2174 | D        | Noticed an iron giant
  2174 | D        | Noticed an ancient champion
  2174 | D        | Noticed an ancient champion
  2175 | D        | Noticed a caustic shrike
  2176 | D        | Found a transporter.
  2178 | D        | Received a gift from Trog
  2183 | D        | Killed a caustic shrike
  2183 | D        | Killed a caustic shrike
  2185 | D        | Killed a Hell Sentinel
  2185 | D        | Killed a caustic shrike
  2188 | D        | Killed an ancient champion
  2188 | D        | Received a gift from Trog
  2192 | D        | Killed an iron giant
  2193 | D        | Reached skill level 24 in Axes
  2196 | D        | Identified the +4 broad axe of Mayhem {flame, Dex+4} (Trog
                  | gifted it to you in the Dungeon)
  2196 | D        | Received a gift from Trog
  2197 | D        | Killed an ancient champion
  2198 | D        | Killed an ancient champion
  2199 | D        | Killed an ancient champion
  2206 | D        | HP: 1/270 [iron golem (22)]
  2207 | D        | Reached XP level 17. HP: 1/188 MP: 17/17
  2395 | D        | Entered arena 21.
  2736 | D        | Noticed a Hell Sentinel
  2736 | D        | Noticed a caustic shrike
  2736 | D        | Noticed an iron giant
  2736 | D        | Noticed a Hell Sentinel
  2738 | D        | Noticed an iron giant
  2738 | D        | Noticed a caustic shrike
  2738 | D        | Noticed a caustic shrike
  2739 | D        | Noticed a Hell Sentinel
  2742 | D        | Received a gift from Trog
  2747 | D        | Killed a caustic shrike
  2751 | D        | Received a gift from Trog
  2752 | D        | Reached skill level 10 in Stealth
  2755 | D        | Killed a Hell Sentinel
  2761 | D        | Killed a Hell Sentinel
  2762 | D        | Killed a caustic shrike
  2763 | D        | Reached skill level 25 in Axes
  2763 | D        | Killed a caustic shrike
  2763 | D        | Received a gift from Trog
  2763 | D        | HP: 9/288 [iron golem (28)]
  2765 | D        | Killed from afar by an iron giant

Illustrated notes

Levels and vault maps discovered:
D:        sprint_v [room_start, room_1, room_2, room_3, room_4, room_5, room_6,
          room_7, room_8, room_9, room_10, room_11, room_12, room_13, room_14,
          room_15, room_16, room_17, room_18, room_19, room_20, room_21,
          room_22, room_23, room_24, room_25, room_26, room_27]

Skill      XL: |  1  2  3  4  5  6  7  8  9 10 11 12 13 14 15 16 17 |
---------------+----------------------------------------------------+-----
Fighting       | 6 8 9 10 11 12 13 15 17 19 20 22 23 | 23.7
Axes           | 5 8 9 10 12 13 15 19 21 22 24 25 | 25.2
Armour         | 4 6 7 9 10 11 12 15 17 19 | 19.7
Dodging        | 2 3 4 |  4.7
Shields        | 3 6 8 11 13 16 18 21 23 | 23.0
Evocations     | 1 2 4 5 |  5.4
Stealth        | 2 6 8 9 10 | 10.1

Action                   |  1- 3 |  4- 6 |  7- 9 | 10-12 | 13-15 | 16-18 || total
-------------------------+-------+-------+-------+-------+-------+-------++-------
Melee: Broad axe         |     1 |     4 |    27 |    74 |    45 |    76 ||   227
       Tailslap          |       |     1 |     3 |    10 |     2 |    13 ||    29
Invok: Berserk           |     1 |     1 |     3 |     5 |     3 |     3 ||    16
Evoke: Box of beasts     |       |       |     1 |       |       |       ||     1
       Condenser vane    |       |       |       |     2 |     2 |       ||     4
       Wand              |       |       |       |       |     1 |       ||     1
  Use: Potion            |       |       |       |     4 |     2 |       ||     6
       Scroll            |       |       |       |       |     1 |       ||     1
 Stab: Distracted        |       |       |       |     1 |     1 |     3 ||     5
       Confused          |       |       |       |       |     3 |       ||     3
Armor: Gold dragon scale |       |     1 |    11 |    19 |     9 |    37 ||    77
Dodge: Dodged            |       |       |       |       |     4 |     6 ||    10
Block: Kite shield       |     1 |     1 |    38 |    77 |    60 |   138 ||   315
       Reflection        |       |       |       |     5 |     5 |     5 ||    15

Table legend: (Time is in decaauts)
 A = Elapsed time spent in this place.
 B = Non-inter-level travel time spent in this place.
 C = Inter-level travel time spent in this place.
 D = Time resting spent in this place.
 E = Time spent auto-exploring this place.
 F = Levels seen in this place.
 G = Mean time per level.
                   A        B        C        D        E       F      G
               +--------+--------+--------+--------+--------+-----+--------+
         Total |   2819 |   2819 |      0 |   1866 |      0 |   1 | 2819.0 |
       Dungeon |   2819 |   2819 |      0 |   1866 |      0 |   1 | 2819.0 |
               +--------+--------+--------+--------+--------+-----+--------+

Top non-repeatable levels by time:
       D: 2819 daAuts
